[Event "Early-Titled-Tuesday-Blitz-October-10-2023"]
[Site "Chess.com"]
[Date "2023.10.10"]
[Round "3"]
[White "Byniolus"]
[Black "Krakozia"]
[Result "1-0"]
[WhiteElo "2730"]
[BlackElo "3003"]
[TimeControl "180+1"]
[EndTime "8:28:53 PDT"]
[Termination "Byniolus won on time"]

1. d4 d5 2. Bf4 c5 3. c3 Nc6 4. e3 Nf6 5. Nd2 Qb6 6. Qb3 c4 7. Qc2 g6 8. e4 Nxe4 9. Nxe4 dxe4 10. Bxc4 Bg7 11. Ne2 O-O 12. O-O Bf5 13. Ng3 Rac8 14.
Qb3 e5 15. dxe5 Bxe5 16. Qxb6 axb6 17. Bxe5 Nxe5 18. Bd5 Nd3 19. Bxb7 Rce8 20. b3 Re5 21. Rfd1 Nc5 22. Bd5 Be6 23. Bxe6 Rxe6 24. Ne2 e3 25. Nd4 exf2+ 26. Kxf2 Rf6+ 27. Kg1 Ne4 28. c4 h5 29. Nb5 Re8 30. Rd4 Nc5 31. Rad1 Kg7 32. b4 Na4 33. h3 Re2 34. R4d2 Rff2 35. Rxe2 Rxe2 36. a3 Nb2 37.
Rd4 Rc2 38. Nd6 Rc3 39. Rf4 f5 40. Rd4 Rxa3 41. Nc8 Rb3 42. b5 Na4 43. Rd7+ Kf6 44. Rd6+ Ke5 45. Rxg6 Kf4 46. Nxb6 Nc5 47. Nd5+ Ke5 48.
b6 Ne4 49. Kh2 h4 50. Ne7 Ng3 51. Nc6+ Kf4 52. Nd4 1-0

[Event "Early-Titled-Tuesday-Blitz-October-10-2023"]
[Site "Chess.com"]
[Date "2023.10.10"]
[Round "3"]
[White "wqws"]
[Black "Masterbeaterr"]
[Result "1-0"]
[WhiteElo "2659"]
[BlackElo "2469"]
[TimeControl "180+1"]
[EndTime "8:28:53 PDT"]
[Termination "wqws won by resignation"]

1. e4 e5 2. Nf3 Nc6 3. Bb5 a6 4. Ba4 Nf6 5. O-O Nxe4 6. d4 b5 7. Bb3 d5 8. dxe5 Be6 9. Nbd2 Bc5 10. Qe2 Bf5 11. Nxe4 dxe4 12. Ng5 O-O 13. Nxe4 Nd4 14. Qe3 Nxb3 15. Nxc5 Nxa1 16. c3 Nc2 17. Qf4 Bg6 18.
h4 Qd5 19. Nb3 Qe4 20. Qg3 Rfe8 21. Bf4 Rad8 22. Nc5 Qe2 23. Nxa6 Rd1 24. Rxd1 Qxd1+ 25. Kh2 c6 26. Nc7 Rd8 27. e6 fxe6 28. Nxe6 Re8 29.
Nc7 Re1 30. Qg5 Rh1+ 31. Kg3 Qd3+ 32. f3 h6 33. Qe7 Qf5 34. Be5 Qf7 35. Qd8+ Kh7 36.
Qd6 Ne3 37. Qxc6 Nf5+ 38. Kf2 Nxh4 39. Ne6 Qa7+ 40. Bd4 Qe7 41. Bc5 Qf6 42. Nf8+ Kg8 43. Qd5+ Bf7 44. Qa8 Nxg2 45. Nd7+ Kh7 46. Nxf6+ gxf6 47. Kxg2 Rh5 48. Bd4 Rg5+ 49. Kf2 Kg6 50. Qf8 Rd5 51.
Qe7 1-0

[Event "Early-Titled-Tuesday-Blitz-October-10-2023"]
[Site "Chess.com"]
[Date "2023.10.10"]
[Round "3"]
[White "eljanov"]
[Black "Andrei_Skvortsov"]
[Result "0-1"]
[WhiteElo "2896"]
[BlackElo "2697"]
[TimeControl "180+1"]
[EndTime "8:28:55 PDT"]
[Termination "Andrei_Skvortsov won on time"]

1. d4 g6 2. c4 Bg7 3. e4 e6 4. h4 d5 5. e5 dxc4 6. Bxc4 Nc6 7.
Nf3 h6 8. Nc3 Nge7 9. Ne4 Nf5 10. Be3 Nce7 11. Rc1 Nd5 12. Bd2 Bd7 13. Bxd5 exd5 14.
Nc5 b6 15. Nxd7 Qxd7 16. Qc2 O-O-O 17. a4 Kb7 18. b4 Rhe8 19. O-O a6 20. b5 Ra8 21.
Qb3 axb5 22. axb5 Ne7 23. Rc2 Rec8 24. Rfc1 Bf8 25. g3 c6 26. bxc6+ Rxc6 27. Kg2 Rxc2 28.
Rxc2 Nc6 29. Rb2 Ra6 30. Qb5 Nb8 31. Qd3 Nc6 32. Qb3 Be7 33. Be3 Na5 34. Qd3 Nc4 35. Rb1 Ra3 36. Qe2 Qa4 37. Bxh6 Ra2 38. Qe1 Qc2 39. Rc1 Qf5 40. Bg5 Bxg5 41. Nxg5 Qd3 42. Rc3 Qxd4 43. Rf3 Nxe5 44. Re3 f6 45. Nf3 Nxf3 46.
Rxf3 f5 47. Qe7+ Ka6 48. Qe8 Qc4 49. Qxg6 f4 50. Rxf4 d4 51. Qe4 Ra4 52. Qe8 Ka5 53.
Rf5+ Kb4 54. Rf4 Ra5 0-1

[Event "Early-Titled-Tuesday-Blitz-October-10-2023"]
[Site "Chess.com"]
[Date "2023.10.10"]
[Round "3"]
[White "SAInt_666"]
[Black "remi04"]
[Result "1-0"]
[WhiteElo "2668"]
[BlackElo "2863"]
[TimeControl "180+1"]
[EndTime "8:28:55 PDT"]
[Termination "SAInt_666 won on time"]

1. e4 c5 2. Nf3 d6 3. Bb5+ Nd7 4. O-O a6 5. Bxd7+ Bxd7 6. c3 Nf6 7. Re1 e6 8. d4 Be7 9. Nbd2 O-O 10. Nf1 cxd4 11.
cxd4 Rc8 12. Ng3 Qc7 13. Bf4 Qc2 14. Re2 Qxd1+ 15. Rxd1 d5 16. e5 Ne4 17. Nxe4 dxe4 18.
Rxe4 Rc2 19. Rd2 Rfc8 20. h3 Rc1+ 21. Kh2 Bc6 22. Re3 Bd5 23. a3 b5 24. Ne1 h5 25. Nd3 R1c2 26. Ree2 R2c4 27. Be3 g5 28. Nc5 a5 29. Rc2 a4 30. Rxc4 Bxc4 31. Rc2 Kg7 32. Ne4 Rd8 33. Bxg5 Bxg5 34. Nxg5 Rxd4 35. Nf3 Rd3 36.
Rd2 Rxd2 37. Nxd2 Bd5 38. h4 Kg6 39. f4 Kf5 40. g3 Kg4 41. Nb1 Kf3 42. Nc3 Bc4 43.
Kh3 Bf1+ 44. Kh2 Ke3 45. Na2 Kd2 46. g4 hxg4 47. h5 Bd3 48. Kg3 Bf5 49. Nc3 Kc2 50. Nxb5 Kxb2 51. h6 Kb3 52. Nd4+ Kxa3 53. Nxf5 exf5 54.
h7 Kb2 55. h8=Q a3 56. e6+ Kb1 57. exf7 a2 58. f8=Q 1-0

[Event "Early-Titled-Tuesday-Blitz-October-10-2023"]
[Site "Chess.com"]
[Date "2023.10.10"]
[Round "3"]
[White "Mikhail_Golubev"]
[Black "ploxoi"]
[Result "1-0"]
[WhiteElo "2614"]
[BlackElo "2429"]
[TimeControl "180+1"]
[EndTime "8:28:55 PDT"]
[Termination "Mikhail_Golubev won by resignation"]

1. e4 c5 2. Nf3 e6 3. d4 cxd4 4.
Nxd4 Nc6 5. Nc3 Qc7 6. Be3 a6 7. Bd3 Nf6 8. O-O Nxd4 9. Bxd4 Bc5 10. Be2 d6 11. Qd2 Bxd4 12. Qxd4 e5 13. Qd3 Be6 14. f4 exf4 15. Rxf4 O-O-O 16. Qg3 Qc5+ 17. Kh1 Qe5 18. Raf1 h5 19. Qxg7 Ng4 20. Qxe5 dxe5 21. R4f3 Rd2 22. Bd3 Rg8 23. Nb1 Rxg2 24. Kxg2 Ne3+ 25. Kf2 Nxf1 26. Bxf1 Rg4 27. Bh3 Rxe4 28. Bxe6+ fxe6 29. Nc3 Rb4 30. Re3 Rxb2 31. Rxe5 Rxc2+ 32. Ne2 Rxa2 33. Rxh5 b5 34.
Ke3 Kd7 35. Rh7+ Kd6 36. h4 b4 37. Rb7 a5 38. h5 Ra3+ 39. Kf4 Rh3 40. Kg4 Rh2 41.
Ng3 Kc6 42. Rb8 Kc7 43. Ra8 Kb6 44. Ne4 Kb5 45. Rb8+ Kc6 46. Ng5 Rg2+ 47. Kf4 Rh2 48. Kg4 Rg2+ 49. Kh4 Rh2+ 50. Nh3 Kc7 51. h6 Kxb8 52. h7 Rc2 53. h8=Q+ Rc8 54. Qe5+ Kb7 55. Qb5+ Kc7 56. Qxa5+ 1-0

[Event "Early-Titled-Tuesday-Blitz-October-10-2023"]
[Site "Chess.com"]
[Date "2023.10.10"]
[Round "3"]
[White "santosalberto1987"]
[Black "BeanScreen"]
[Result "0-1"]
[WhiteElo "2486"]
[BlackElo "2725"]
[TimeControl "180+1"]
[EndTime "8:28:56 PDT"]
[Termination "BeanScreen won by checkmate"]

1. e4 e5 2. Nf3 Nc6 3. Bc4 Nf6 4. d3 Be7 5. O-O O-O 6. Re1 d6 7. c3 Na5 8. Bb5 a6 9. Ba4 b5 10.
Bc2 c5 11. h3 h6 12. d4 exd4 13. cxd4 Nc6 14. Nc3 cxd4 15. Nxd4 Nxd4 16. Qxd4 Re8 17.
Bf4 Be6 18. Rad1 Rc8 19. a3 a5 20. Bd3 b4 21. axb4 axb4 22. Qxb4 Rb8 23. Bb5 Bd7 24.
Qa4 Rxb5 25. Nxb5 Qb6 26. e5 Bxb5 27. Qb3 dxe5 28. Rxe5 Bc5 29. Rxe8+ Nxe8 30. Be3 Bxe3 31. Qxe3 Qf6 32. Qd4 Qg6 33. b4 Bc6 34. Qg4 Qc2 35.
Rd8 Kh7 36. Qd4 Qg6 37. Qg4 Qb1+ 38. Kh2 Nf6 39. Qd4 Qg6 40. f3 Nh5 41. Qd3 f5 42. Qd6 Nf6 43. Kh1 Bb5 44. Kh2 Qg5 45. Qg3 Ng4+ 46.
hxg4 Qxd8 47. gxf5 Qf8 48. Qf4 Bd7 49. g4 Qf6 50.
Kg3 Qa1 51. Qd6 Qg1+ 52. Kh3 Qf1+ 53. Kg3 Qg1+ 54. Kh3 Bb5 55. f6 Bf1+ 56. Kh4 g5+ 57. Kh5 Qh1+ 58. Qh2 Qxh2# 0-1

[Event "Early-Titled-Tuesday-Blitz-October-10-2023"]
[Site "Chess.com"]
[Date "2023.10.10"]
[Round "3"]
[White "GeorgiosSouleidis"]
[Black "Drags95"]
[Result "0-1"]
[WhiteElo "2646"]
[BlackElo "2877"]
[TimeControl "180+1"]
[EndTime "8:28:57 PDT"]
[Termination "Drags95 won on time"]

1. e4 c5 2. Be2 e6 3. d3 d5 4.
f4 Nf6 5. e5 Nfd7 6. Nf3 Be7 7.
O-O Nc6 8. c4 a6 9. Nc3 d4 10.
Ne4 b5 11. b3 Bb7 12. Bd2 Qc7 13. Qe1 f5 14. exf6 gxf6 15. Nh4 O-O-O 16. f5 e5 17. a3 Rdg8 18. Rc1 Kb8 19. Bf3 Qb6 20. Kh1 Nd8 21.
Ba5 Qa7 22. b4 Nc6 23. bxc5 bxc4 24. Rxc4 Nxa5 25. Qxa5 Bc6 26. Rb1+ Ka8 27. Rb6 Bd8 28. Rcb4 Bc7 29. Nd2 Bxf3 30. Nhxf3 Bxb6 31. cxb6 Qb7 32. Ne4 Rc8 33. h3 Rc6 34. Nfd2 Rxb6 35. Nc4 Rb5 36. Qa4 Rxb4 37. axb4 Nb6 38. Nxb6+ Qxb6 39. Nc5 Qb5 40. Qa3 Ka7 41. Ne6 Rc8 42. Nc5 Rc7 43.
Kh2 a5 44. Nb3 Qxb4 45. Qa2 Rc3 46. Nxa5 Ra3 47. Qf7+ Ka6 48. Nc6 Qb6 49. Nd8 Qxd8 50. Qe6+ Qb6 51. Qc4+ Qb5 52. Qc8+ Ka5 53. Qc7+ Kb4 54.
Qe7+ Kb3 55. Qxf6 Qxd3 56. Qb6+ Kc2 57. f6 Qg3+ 58. Kg1 Ra1+ 0-1

[Event "Early-Titled-Tuesday-Blitz-October-10-2023"]
[Site "Chess.com"]
[Date "2023.10.10"]
[Round "3"]
[White "JoliyRoger"]
[Black "Josgar05"]
[Result "1-0"]
[WhiteElo "2469"]
[BlackElo "2226"]
[TimeControl "180+1"]
[EndTime "8:28:57 PDT"]
[Termination "JoliyRoger won by resignation"]

1. Nf3 Nf6 2. d4 g6 3. c4 Bg7 4.
Nc3 d5 5. Bg5 dxc4 6. e4 O-O 7.
Bxc4 c5 8. d5 b5 9. Bxb5 Nxe4 10. Nxe4 Qa5+ 11. Nc3 Bxc3+ 12. bxc3 Qxb5 13. Qe2 Qxe2+ 14. Kxe2 Bf5 15. c4 f6 16. Be3 Nd7 17. Nd2 Rab8 18.
h3 g5 19. g4 Bg6 20. h4 gxh4 21. f4 Rb2 22. f5 Bf7 23. Rxh4 Ne5 24. Rah1 h5 25.
gxh5 Kh7 26. Rg1 Rxa2 27. h6 Rg8 28. Rxg8 Bxg8 29. Kd1 a6 30. Kc1 Bf7 31. Re4 Ra4 32.
Bf4 a5 33. Bxe5 fxe5 34. Rxe5 Kxh6 35. Rxe7 Bh5 36. d6 Ra1+ 37. Nb1 Ra4 38. Nd2 Ra1+ 39.
Kb2 Rd1 40. Kc2 Rg1 41. d7 Rg8 42. Ne4 a4 43. Nxc5 a3 44. Kb3 Ra8 45. Ka2 Bd1 46.
Re3 Bg4 47. Re5 Bd1 48. Re8 Ra7 49.
d8=Q Rh7 50. Ka1 a2 51. Qf6+ Kh5 52. Rh8 Rxh8 53. Qxh8+ Kg4 54. Qe5 Kf3 55. f6 Kg4 56. f7 Bc2 57. f8=Q Bg6 58. Qff4+ Kh3 59. Qeg5 1-0

[Event "Early-Titled-Tuesday-Blitz-October-10-2023"]
[Site "Chess.com"]
[Date "2023.10.10"]
[Round "3"]
[White "Pawnpusher1245"]
[Black "m_ezat"]
[Result "1-0"]
[WhiteElo "2306"]
[BlackElo "2473"]
[TimeControl "180+1"]
[EndTime "8:28:57 PDT"]
[Termination "Pawnpusher1245 won by resignation"]

1. d4 d5 2. c4 e6 3. Nc3 Nf6 4. cxd5 exd5 5. Bg5 Be7 6. e3 O-O 7. Bd3 c5 8. dxc5 Nc6 9. Nf3 Bg4 10. O-O Bxc5 11.
Rc1 Be7 12. Be2 Bxf3 13. Bxf3 d4 14. exd4 Nxd4 15. Re1 h6 16. Bf4 Ne6 17. Bg3 Qb6 18. Na4 Qa6 19. Qb3 Nd4 20. Qxb7 Nxf3+ 21. Qxf3 Qxa4 22.
Rxe7 Qxa2 23. Be5 Rac8 24. Re1 Nd5 25. Rd7 Qa5 26. Rd1 Nc7 27. Qg3 Ne6 28. h3 Rc5 29. Bd6 Rg5 30. Qb3 Re8 31. Qf3 Qa4 32.
Qxf7+ Kh7 33. Re1 Nf4 34. Qxe8 Nxh3+ 35. Kf1 Qc6 36. Qe4+ Qxe4 37. Rxe4 Nxf2 38. Kxf2 Rd5 39. Rxa7 Kg6 40. Ree7 Kh5 41. Bg3 g5 42. Kg1 Rd3 43.
Kh2 Rb3 44. Re6 Rxb2 45. Raa6 Kg4 46. Rxh6 Rb4 47. Rab6 Rc4 48. Rhc6 Re4 49. Re6 Rd4 50. Re5 Rd2 51. Rb4+ Kh5 52. Rxg5+ Kxg5 53. Bf4+ Kg4 54. Bxd2+ Kf5 55. g4+ 1-0

[Event "Early-Titled-Tuesday-Blitz-October-10-2023"]
[Site "Chess.com"]
[Date "2023.10.10"]
[Round "3"]
[White "jerry_77"]
[Black "maximnovik"]
[Result "0-1"]
[WhiteElo "2600"]
[BlackElo "2453"]
[TimeControl "180+1"]
[EndTime "8:28:59 PDT"]
[Termination "maximnovik won by checkmate"]

1. e4 c6 2. Nc3 d5 3. d4 dxe4 4. Nxe4 Bf5 5. Ng3 Bg6 6. c3 Nf6 7. Bc4 e5 8. Be3 Nbd7 9. Nf3 Bd6 10. Nh4 Qc7 11. Nxg6 hxg6 12. Qb3 O-O 13. Qc2 exd4 14. cxd4 Nb6 15. Bb3 Nbd5 16. O-O Nxe3 17. fxe3 Bxg3 18. hxg3 Qxg3 19. Rf3 Qg5 20. Raf1 Rae8 21. Qf2 Re7 22. Rg3 Qh4 23. Qf3 g5 24. Bc2 Rfe8 25. Rh3 Qg4 26. Bh7+ Kf8 27. Bf5 Qxf3 28. Rh8+ Ng8 29. Rxf3 g6 30. Bc2 Kg7 31. Rh1 Rxe3 32. Rxe3 Rxe3 33. Kf2 Re7 34. a4 a5 35. Rh3 f5 36. Rb3 Nf6 37.
Rd3 Nd5 38. Bb3 Nf4 39. Rd2 Kf6 40. g3 Nd5 41. Bc2 g4 42. Rd1 Re3 43. Rh1 Rf3+ 44. Kg1 Rxg3+ 45. Kf2 Rf3+ 46. Ke2 Rh3 47. Re1 Rh2+ 48. Kd1 g3 49. Rg1 f4 50. Be4 Ne3+ 51. Kc1 g5 52. Kb1 g4 53. b4 axb4 54. a5 Kg5 55. a6 bxa6 56. Rc1 g2 57. Bxg2 Rxg2 58. Rxc6 f3 59. Rc5+ Nf5 60. d5 f2 61. Rc1 Rg1 62. d6 Rxc1+ 63. Kxc1 f1=Q+ 64. Kc2 Qf4 65. d7 Qd4 66.
Kb3 Qxd7 67. Kc4 Qb5+ 68. Kb3 Nd4+ 69. Kb2 Qe2+ 70. Kc1 Qc2# 0-1

[Event "Early-Titled-Tuesday-Blitz-October-10-2023"]
[Site "Chess.com"]
[Date "2023.10.10"]
[Round "3"]
[White "masnyszachistaaa"]
[Black "mapleaff"]
[Result "1-0"]
[WhiteElo "2586"]
[BlackElo "2368"]
[TimeControl "180+1"]
[EndTime "8:28:59 PDT"]
[Termination "masnyszachistaaa won by checkmate"]

1. e4 c5 2. Nf3 Nf6 3. e5 Nd5 4. Nc3 Nxc3 5. dxc3 Nc6 6. Bf4 Qb6 7. b3 Qc7 8. Qd2 e6 9. h4 Be7 10. Bd3 a6 11. Be4 b5 12. O-O Bb7 13. Rad1 O-O-O 14. Rfe1 h6 15. h5 Na5 16. Bxb7+ Nxb7 17. c4 d5 18. exd6 Bxd6 19. Bxd6 Rxd6 20. Qe2 b4 21.
Rxd6 Nxd6 22. Ne5 Nf5 23. Qf3 Kb8 24. Nc6+ Kc8 25. Rd1 Qb7 26. g4 Kc7 27. gxf5 Qxc6 28. Qg3+ Kc8 29. Qxg7 Re8 30. Qxf7 exf5 31. Qxf5+ Kb8 32.
Qf4+ Ka8 33. Qg3 Qe6 34. Qg2+ Ka7 35. Kf1 Rg8 36. Qf3 Re8 37. Qe3 Qxe3 38. fxe3 Rxe3 39. Rd7+ Kb6 40. Rd6+ Ka5 41. Rxh6 Re1+ 42. Kf2 Re2+ 43.
Kf3 Re3+ 44. Kf4 Re4+ 45. Kf5 Re5+ 46. Kf6 Rf5+ 47. Kg6 Rg5+ 48. Kf6 Rf5+ 49. Ke6 Re5+ 50. Kd6 Re2 51. Kxc5 Rxc2 52. Kd4 Rxc4+ 53. bxc4 Ka4 54.
Rxa6# 1-0

[Event "Early-Titled-Tuesday-Blitz-October-10-2023"]
[Site "Chess.com"]
[Date "2023.10.10"]
[Round "3"]
[White "Mr_ruthless"]
[Black "Korchmar_Vasiliy"]
[Result "0-1"]
[WhiteElo "2456"]
[BlackElo "2723"]
[TimeControl "180+1"]
[EndTime "8:29:02 PDT"]
[Termination "Korchmar_Vasiliy won by resignation"]

1. e4 c5 2. Nf3 d6 3. d4 cxd4 4. Nxd4 Nf6 5. f3 e5 6. Nb3 Be6 7. c4 Nbd7 8. Be3 Rc8 9. Nc3 Bxc4 10. Bxc4 Rxc4 11. Qd3 Rc8 12. Bxa7 b6 13. Nb5 d5 14. O-O Bc5+ 15. Kh1 dxe4 16. fxe4 O-O 17. a4 Qe7 18.
a5 bxa5 19. Rxa5 Bxa7 20. Rxa7 Qb4 21. Nd2 Nc5 22. Qe2 Ncxe4 23. Nxe4 Nxe4 24. Nc3 Nxc3 25. bxc3 Qxc3 26. Re7 Rce8 27. Rb7 Qc6 28. Ra7 Qc5 29. Rb7 Re7 30. Rb5 Qd6 31. h3 h6 32. Rfb1 e4 33.
Rb6 Qd4 34. R6b4 Qd5 35. Rb5 Qd7 36. Rb7 Qd8 37. R7b4 e3 38. Rd1 Qa5 39. Rbd4 Rfe8 40. R4d3 Qb5 41. Kh2 Re6 42. Kh1 h5 43. Re1 h4 44.
Kg1 Qg5 45. Kh1 Qf4 46. Rf1 Qg3 47. Rf3 Qg5 48. Rf1 Rf6 49. Re1 Rf2 50. Qxf2 exf2 51. Rxe8+ Kh7 52. Rd1 Qb5 53. Re4 f1=Q+ 0-1

[Event "Early-Titled-Tuesday-Blitz-October-10-2023"]
[Site "Chess.com"]
[Date "2023.10.10"]
[Round "3"]
[White "GalaxyRoman"]
[Black "ural58"]
[Result "1-0"]
[WhiteElo "2797"]
[BlackElo "2504"]
[TimeControl "180+1"]
[EndTime "8:29:03 PDT"]
[Termination "GalaxyRoman won by resignation"]

1. e4 d5 2. exd5 Qxd5 3. Nc3 Qd6 4. Nf3 c6 5. Be2 Bg4 6. d4 Nf6 7. O-O e6 8. h3 Bh5 9. Bg5 Nbd7 10. Qd2 Be7 11. Rad1 h6 12. Bh4 Qb4 13. Bg3 O-O 14. a3 Qa5 15. Ne5 Bxe2 16. Qxe2 Nxe5 17. dxe5 Nd5 18.
Ne4 Rad8 19. Nd6 Rd7 20. c4 Nb6 21. Rd2 Bxd6 22. Rxd6 Rxd6 23. exd6 Qc5 24. Rc1 a5 25. Qd2 a4 26. Qb4 Qxb4 27. axb4 f6 28. c5 Nd5 29.
Rc4 e5 30. f3 Kf7 31. Be1 Ke6 32. Rc1 Ra8 33. Ra1 b5 34. Ra3 f5 35. Bd2 Re8 36. Kf2 e4 37. fxe4 fxe4 38. Ke2 Ke5 39. Rg3 g5 40. h4 gxh4 41. Rg6 Re6 42. Rg8 Nf6 43. Rh8 Kf5 44. Rxh6 Re8 45. Rxh4 Ra8 46.
Rf4+ Ke6 47. Bc3 Nd7 48. Rxe4+ Kd5 49. Re7 Ra7 50. g4 a3 51. bxa3 Rxa3 52. Rxd7 Rxc3 53. Re7 Rc2+ 54. Kd3 Rg2 55. d7 Rg3+ 56. Re3 1-0

[Event "Early-Titled-Tuesday-Blitz-October-10-2023"]
[Site "Chess.com"]
[Date "2023.10.10"]
[Round "3"]
[White "Larina_Maria"]
[Black "secretsuperstar7"]
[Result "0-1"]
[WhiteElo "2218"]
[BlackElo "2414"]
[TimeControl "180+1"]
[EndTime "8:29:03 PDT"]
[Termination "secretsuperstar7 won by checkmate"]

1. e4 c5 2. Nc3 a6 3. g3 b5 4. Bg2 Bb7 5. d3 d6 6. Nh3 Nd7 7. O-O g6 8. f4 Bg7 9. f5 Rb8 10.
Ng5 Ngf6 11. Ne2 O-O 12. Nf4 Qb6 13. fxg6 hxg6 14. Be3 Ne5 15. h3 Nc6 16. c3 b4 17.
Rb1 a5 18. Qd2 Ba6 19. c4 Nd4 20. Nf3 e5 21. Nd5 Nxd5 22. exd5 e4 23. Ng5 exd3 24. Qxd3 Rbe8 25. Rbe1 b3 26. a3 Qd8 27. Ne4 f5 28. Ng5 Bf6 29. h4 Nc2 30. Ne6 Rxe6 31. dxe6 Nxe3 32. Rxe3 Bd4 33. e7 Qxe7 34. Re1 Qf6 35.
Kh2 Bxe3 36. Rxe3 Qd4 37. Bd5+ Kg7 38. Qxd4+ cxd4 39. Re7+ Kf6 40. Ra7 Bc8 41. Rc7 d3 42. Bf3 Re8 43. c5 dxc5 44. Rxc5 Be6 45. Rc6 Rd8 46.
Bd1 Ke5 47. Rc3 Kd4 48. Rc6 Bc4 49. Rxg6 Ke3 50. h5 Kd2 51. Bf3 Kc2 52. h6 d2 53.
h7 d1=Q 54. Bxd1+ Kxd1 55. Rh6 Rh8 56. Kh3 Bd3 57. g4 fxg4+ 58. Kxg4 Rxh7 59. Rf6 Kc2 60. Kg5 Rc7 61. Rf2+ Kb1 62. Kf4 Rc2 63. Ke3 Rxf2 64.
Kxf2 Kxb2 65. Ke3 Bc4 66. Kd2 Kxa3 67. Kc1 b2+ 68. Kb1 Bd3# 0-1

[Event "Early-Titled-Tuesday-Blitz-October-10-2023"]
[Site "Chess.com"]
[Date "2023.10.10"]
[Round "3"]
[White "Arash_Tahbaz"]
[Black "Alex_Sahakyan2006"]
[Result "1/2-1/2"]
[WhiteElo "2930"]
[BlackElo "2696"]
[TimeControl "180+1"]
[EndTime "8:29:06 PDT"]
[Termination "Game drawn - insufficient material"]

1. Nf3 d5 2. g3 Bg4 3. Bg2 Nd7 4.
O-O Ngf6 5. d3 e6 6. h3 Bxf3 7.
Bxf3 Bc5 8. Nd2 h5 9. e3 h4 10. g4 Bd6 11. Qe2 c6 12. Bg2 Qc7 13. f4 O-O-O 14. d4 c5 15. c3 cxd4 16. cxd4 Kb8 17.
Nb3 Rc8 18. Bd2 Qc2 19. Rab1 Qc4 20. Qxc4 Rxc4 21. Rfc1 Nb6 22. Kf1 Rxc1+ 23. Rxc1 Nc4 24. Rc2 Nxd2+ 25. Nxd2 Bb4 26. Nf3 Nd7 27. Ke2 Be7 28. Kd3 f6 29. f5 e5 30. Nd2 e4+ 31. Ke2 Rc8 32. Kd1 Rxc2 33. Kxc2 Kc7 34. Bxe4 dxe4 35. Nxe4 Nb6 36. Kd3 Nd5 37. a3 Kc6 38. Nd2 b5 39.
Nf3 Nb6 40. e4 Nc4 41. b3 Nxa3 42. Nxh4 a5 43. Nf3 a4 44. h4 axb3 45. Kc3 Nc4 46. Kxb3 Ne3 47. g5 b4 48. gxf6 gxf6 49. h5 Bf8 50.
Nh4 Kb5 51. Ng6 Bh6 52. e5 Nxf5 53. exf6 Nxd4+ 54. Kb2 Kc4 55. Ne5+ Kd5 56. Ng4 Bf8 57. h6 Bxh6 58. Nxh6 Ke6 59. f7 Ke7 60. Nf5+ Nxf5 61. Kb3 Kxf7 62. Kxb4 1/2-1/2

[Event "Early-Titled-Tuesday-Blitz-October-10-2023"]
[Site "Chess.com"]
[Date "2023.10.10"]
[Round "3"]
[White "bazar-wokzal"]
[Black "HrvojeZagreb"]
[Result "1/2-1/2"]
[WhiteElo "2554"]
[BlackElo "2310"]
[TimeControl "180+1"]
[EndTime "8:29:08 PDT"]
[Termination "Game drawn - insufficient material"]

1. e4 c5 2. c3 d5 3. exd5 Qxd5 4. d4 e6 5. a3 Nf6 6. Nf3 Be7 7. Be3 Nbd7 8. b4 cxd4 9. cxd4 Ng4 10. Nc3 Nxe3 11. fxe3 Qd6 12. Qc2 O-O 13. Bd3 h6 14. O-O e5 15.
Ne4 Qb6 16. dxe5 Qxe3+ 17. Kh1 Nb6 18. Rae1 Qf4 19. h3 Bh4 20. Nfg5 hxg5 21. Rxf4 gxf4 22. Rf1 Nd5 23. Qc5 Be6 24. Nd6 Be7 25. Be4 Rac8 26. Qxa7 Ne3 27. Nxc8 Nxf1 28. Nxe7+ Kh8 29. Qf2 Ng3+ 30.
Kh2 g5 31. Bxb7 Rd8 32. b5 Rd1 33. Qxg3 fxg3+ 34. Kxg3 Rd3+ 35. Kf2 Rxa3 36. Bc6 Rb3 37. Nd5 Bxd5 38. Bxd5 Rxb5 39. Bxf7 Rxe5 40. Bg6 Kg7 41.
Bd3 Kf6 42. Be2 Rc5 43. Bf3 Ke5 44. Kg3 Kf6 45. Kg4 Rc4+ 46. Kg3 Rb4 47. Bd5 Ke5 48. Bc6 Kf5 49. Bd7+ Kf6 50. Bc6 Ke5 51. Bd7 Rd4 52.
Bc6 Rd3+ 53. Bf3 Kf5 54. Kh2 Kf4 55. Bc6 Re3 56. Bb7 Rg3 57. Bf3 Rxf3 58. gxf3 Kxf3 59.
h4 gxh4 60. Kh3 Kf4 61. Kxh4 1/2-1/2

[Event "Early-Titled-Tuesday-Blitz-October-10-2023"]
[Site "Chess.com"]
[Date "2023.10.10"]
[Round "3"]
[White "Grischuk"]
[Black "Witik"]
[Result "1-0"]
[WhiteElo "3014"]
[BlackElo "2708"]
[TimeControl "180+1"]
[EndTime "8:29:10 PDT"]
[Termination "Grischuk won on time"]

1. d4 Nf6 2. Nf3 e6 3. c4 b6 4. g3 Ba6 5. Qc2 c5 6. d5 exd5 7. cxd5 d6 8. Nc3 g6 9. Bf4 Nh5 10. Qe4+ Qe7 11. Bxd6 Qxe4 12. Nxe4 f5 13. Bxb8 Rxb8 14.
Nc3 Bg7 15. e3 Bb7 16. O-O-O Nf6 17. Ng5 Ng4 18. Rd2 O-O 19. h3 Ne5 20. Ne6 Rfe8 21. Nxg7 Kxg7 22. Be2 Red8 23. Rhd1 a6 24. a4 Nf7 25. e4 fxe4 26. Nxe4 Nd6 27. Ng5 Re8 28. Ne6+ Kf6 29. Rd3 Ke7 30. a5 c4 31. Re3 Nf5 32.
Re4 Nd6 33. Rh4 h5 34. axb6 Bc8 35. Bxc4 Rxb6 36. Ba2 Bd7 37. Rhd4 Rc8+ 38. Kb1 Rcb8 39. R1d2 Nf5 40. Re4 Kd6 41. Ka1 Rb4 42. Rxb4 Rxb4 43. Nf4 Nd4 44. Kb1 Bf5+ 45. Kc1 Ra4 46. b3 Ra5 47.
Kb2 Nf3 48. Re2 Ne5 49. Bb1 Rc5 50. Ne6 Bxe6 51. dxe6 g5 52. f4 gxf4 53. gxf4 Nc6 54. f5 Nd4 55. Rd2 Rd5 56. Be4 1-0

[Event "Early-Titled-Tuesday-Blitz-October-10-2023"]
[Site "Chess.com"]
[Date "2023.10.10"]
[Round "3"]
[White "masterofpuppets2"]
[Black "ChessFighter_2011"]
[Result "0-1"]
[WhiteElo "2517"]
[BlackElo "2862"]
[TimeControl "180+1"]
[EndTime "8:29:10 PDT"]
[Termination "ChessFighter_2011 won by resignation"]

1. d4 Nf6 2. c4 g6 3. f3 Bg7 4. e4 d6 5. Nc3 O-O 6. Be3 Nbd7 7.
Bd3 e5 8. d5 a5 9. Nge2 Nh5 10.
Qd2 a4 11. Nb5 b6 12. O-O Nc5 13. Bc2 Bd7 14. Nbc3 f5 15. exf5 gxf5 16. f4 e4 17.
Nd4 Nf6 18. h3 h5 19. Bf2 Qe8 20. Rae1 Qg6 21. Bh4 Ne8 22. Kh1 Rf7 23. Rg1 Bf6 24. Bg5 Ng7 25. h4 Nd3 26. Qe3 Nxe1 27. Rxe1 Ne8 28. g3 Bg7 29. Ncb5 Bxb5 30. cxb5 Nf6 31. Qc3 Ng4 32. Qc4 Bxd4 33. Qxd4 Qg7 34. Qb4 Re8 35. Kg2 e3 36. Kf3 Rff8 37. Bd3 Nf2 38. Bc2 Ng4 39. Bd3 Qf7 40. Qc4 Kh7 41. Re2 Qg7 42. Bb1 Rf7 43. Qxa4 Qg6 44. Qc4 Kg8 45. a4 Ra8 46. b3 Qg7 47. Bd3 Qa1 48. Kg2 Re8 49. Qc2 Nf2 50. Rxf2 exf2 51. Qxf2 Qc3 52. Bc4 Re3 53. Kh2 Qd4 54. Kg2 Qe4+ 55. Kh2 Re1 56. Qg2 Qxg2+ 57. Kxg2 Kg7 58. Kf2 Rb1 59. Ke2 Kg6 60.
Kf2 Rf8 61. Kf3 Re8 62. Kf2 Rb2+ 63. Kf3 Rc2 0-1

[Event "Early-Titled-Tuesday-Blitz-October-10-2023"]
[Site "Chess.com"]
[Date "2023.10.10"]
[Round "3"]
[White "Dannyyi"]
[Black "Willi_Skibbe"]
[Result "1-0"]
[WhiteElo "2115"]
[BlackElo "2284"]
[TimeControl "180+1"]
[EndTime "8:29:14 PDT"]
[Termination "Dannyyi won on time"]

1. e4 e6 2. d4 d5 3. Nd2 c5 4.
exd5 Qxd5 5. Ngf3 cxd4 6. Bc4 Qd6 7. O-O Nf6 8. Nb3 Nc6 9. Nfxd4 Nxd4 10. Nxd4 a6 11.
c3 Qc7 12. Qe2 Be7 13. h3 b5 14. Bd3 Bb7 15. Bg5 h6 16. Bh4 O-O 17. Rad1 Nd5 18. Bg3 Nf4 19. Qg4 Bd6 20. Nf3 Nxd3 21. Rxd3 Bxg3 22. fxg3 Rad8 23. Rfd1 Rxd3 24. Rxd3 Rd8 25. Rxd8+ Qxd8 26. Nd4 Qd5 27. Qf3 e5 28. Qxd5 Bxd5 29. Nc2 a5 30. a3 f6 31. Kf2 Kf7 32. Ne3 Ke6 33. Ke2 f5 34. Kf2 g5 35. g4 f4 36. Nf5 Kf6 37. Nxh6 Be6 38. g3 Kg6 39. Nf5 Bxf5 40. gxf5+ Kxf5 41. gxf4 gxf4 42. b3 Ke4 43. c4 bxc4 44. bxc4 Kd4 45. h4 Kd3 46. h5 Kd2 47. h6 e4 48. h7 e3+ 49. Kf3 e2 50. h8=Q e1=Q 51. Qd4+ Kc2 52. Kxf4 Qc1+ 53. Ke5 Qxa3 54. c5 Kb3 55. Qd3+ Kb2 56. Qxa3+ Kxa3 57. c6 Kb2 58. c7 a4 59.
c8=Q a3 60. Qb7+ Ka1 61. Qh1+ Kb2 62. Qg2+ Kb1 63. Qf1+ Kb2 64. Qe2+ Kb1 65. Qd1+ Kb2 66. Qd2+ Kb1 67. Qb4+ Ka2 68. Kd4 1-0